 Dungeon Crawl Stone Soup version bcrawl-1.36 (webtiles) character file.

Game seed: 17571353743549998515

111064 Darthill6464 the Sneak (level 3, 0/28 HPs)
             Began as a Naga Wanderer on May 23, 2022.
             Killed from afar by Terence (11 damage)
             ... with a wand of flame (1)
             ... on level 2 of the Dungeon.
             The game lasted 00:04:11 (1220 turns).

Darthill6464 the Sneak (Naga Wanderer)              Turns: 1220, Time: 00:04:12

Health: 0/28       AC:  3    Str: 13    XL:     3   Next: 41%
Magic:  5/6        EV:  9    Int: 15    God:
Gold:   96         SH:  0    Dex:  9    Spells: 5/7 levels left

rFire    . . .     SeeInvis +   a - +0 club
rCold    . . .     Gourm    .   (no shield)
rNeg     . . .     Faith    .   d - +0 robe
rPois    +         Spirit   .   (no helmet)
rElec    .         Reflect  .   (no cloak)
rCorr    .                      n - +0 pair of gloves
MR       .....                  (no barding)
Stlth    +++.......             (no amulet)
HPRegen  0.09/turn              (no ring)
MPRegen  0.10/turn              (no ring)

@: short of breath, very slow
A: large, tail, swims, see invisible, deformed body, poison resistance, slowness
2, slow metabolism 1, spit poison 1, AC +1
a: Spit Poison


You were on level 2 of the Dungeon.
You were not hungry.

You visited 1 branch of the dungeon, and saw 2 of its levels.

You collected 96 gold pieces.

Inventory:

Hand Weapons
 a - a +0 club (weapon)
 f - a +0 dagger
Armour
 d - a +0 robe (worn)
 n - a +0 pair of gloves (worn)
Jewellery
 o - an uncursed ring of flight {unknown}
Scrolls
 c - a scroll of fear {unknown}
 i - a scroll of identify
 j - a scroll of teleportation {unknown}
 k - 2 scrolls of remove curse {unknown}
 p - a scroll of noise {unknown}
Potions
 b - a potion of brilliance {unknown}
 h - a potion of might {unknown}
 l - 2 potions of agility {unknown}
 m - a potion of curing {unknown}
Comestibles
 e - 4 rations {!d}
 g - 2 chunks of flesh


   Skills:
 + Level 0.4 Maces & Flails
 + Level 4.9 Stealth
 * Level 2.6 Spellcasting
   Level 1.0 Translocations
   Level 3.0 Fire Magic
 + Level 1.1 Ice Magic
   Level 1.3 Poison Magic


You had 5 spell levels left.
You knew the following spells:

 Your Spells              Type           Power        Failure   Level  Hunger
a - Freeze                Ice            #.....       13%         1    None
b - Magic Dart            Conj           #...         22%         1    None

Your spell library contained the following spells:

 Spells                   Type           Power        Failure   Level  Hunger
 Throw Frost              Conj/Ice       #.....       11%         2    ##.....
 Apportation              Tloc           #.....       14%         1    None
 Blink Other              Tloc           #.....       14%         1    None
 Blink                    Tloc           N/A          22%         2    ##.....
 Call Imp                 Summ           #.....       32%         2    ##.....
 Conjure Flame            Conj/Fire      #.......     34%         3    ####...
 Portal Projectile        Tloc           #.....       38%         3    ####...
 Teleport Other           Tloc           #.......     38%         3    ####...
 Spider Form              Tmut/Pois      #..          43%         3    ####...
 Mephitic Cloud           Conj/Pois/Air  #.......     45%         3    ####...
 Ozocubu's Armour         Chrm/Ice       #.......     45%         3    ####...
 Ice Form                 Ice/Tmut       #.......     86%         4    ######.
 Summon Ice Beast         Ice/Summ       #.......     86%         4    ######.
 Throw Icicle             Conj/Ice       #.......     86%         4    ######.
 Passage of Golubria      Tloc           N/A          98%         5    #######


Dungeon Overview and Level Annotations

Branches:
Dungeon (2/12)

Altars:
Qazlal

Annotations:
D:2 Terence


Innate Abilities, Weirdness & Mutations

You cannot wear boots.
You can swim through water.
Your serpentine skin is tough. (AC +1)
You have supernaturally acute eyesight. (SInv)
Armour fits poorly on your strangely shaped body.
Your system is resistant to poisons. (rPois)
You cover ground very slowly.
You have a slow metabolism.
You can spit poison.


Message History

Casting: Magic Dart (safe; 22% risk of failure)
Confirm with . or Enter, or press ? or * to list all spells.
Aiming: Magic Dart (safe; 22% risk of failure)
Press: ? - help, Shift-Dir - straight line, f/p - Terence
Aim: Terence, wielding a +0 flail, wearing a +0 scale mail and carrying a wand of flame (3) (moderately wounded, poisoned)
Okay, then.
Press: ? - help, Shift-Dir - straight line, f/p - Terence
Aim: Terence, wielding a +0 flail, wearing a +0 scale mail and carrying a wand of flame (3) (moderately wounded, poisoned)
The splash of poison hits Terence but does no damage.
Terence is moderately wounded.
You feel slightly more hungry.
Terence looks more healthy.
Terence zaps a wand.
The puff of flame hits you!
You have got your breath back.
Terence zaps a wand.
The puff of flame misses you.
Press: ? - help, Shift-Dir - straight line, f/p - Terence
Aim: Terence, wielding a +0 flail, wearing a +0 scale mail and carrying a wand of flame (1) (moderately wounded)
The splash of poison hits Terence.
Terence is poisoned.
Terence is heavily wounded.
You feel slightly more hungry.
Terence zaps a wand.
The puff of flame hits you!
You die...

..#.......÷...##........#
..#...........##........#
..#...........##........#
....(............>^.....#
###...#####......)......#
#########..........####
#................###
.......≈..≈§§.......
.......@..§§@≈...###.#
.......$≈###≈#...#
........≈≈≈≈≈#.....#
..###...#≈_>≈+...###
#..≈≈≈.⌠≈+.....
....≈≈≈≈≈≈# .###
##...≈#≈###≈≈ #....≈.. ≈≈
#.......


There were no monsters in sight!

Vanquished Creatures
  An ooze (D:2)
  A worm (D:2)
  A dart slug (D:1)
  A leopard gecko (D:2)
  3 giant cockroaches (D:1)
  2 goblins (D:1)
  3 hobgoblins (D:1)
  3 kobolds
  A quokka (D:1)
  2 bats
  A frilled lizard (D:1)
  8 rats
27 creatures vanquished.

Notes
Turn   | Place    | Note
-------+----------+-------------------------------------------
     0 | D:1      | Darthill6464 the Naga Wanderer began the quest for the Orb.
     0 | D:1      | Darthill6464 set off with the following items: a +0 club, a
                  | +0 robe, a ration {!d}, a +0 dagger; and the following
                  | spells available to memorise: Throw Frost, Apportation,
                  | Blink Other, Freeze, Magic Dart, Blink, Call Imp, Conjure
                  | Flame, Portal Projectile, Teleport Other, Spider Form,
                  | Ozocubu's Armour, Mephitic Cloud, Ice Form, Summon Ice
                  | Beast, Throw Icicle, Passage of Golubria
     0 | D:1      | Reached XP level 1. HP: 15/15 MP: 3/3
    31 | D:1      | Learned a level 1 spell: Freeze
   220 | D:1      | Reached skill level 4 in Stealth
   220 | D:1      | Reached XP level 2. HP: 22/22 MP: 5/5
   239 | D:1      | Learned a level 1 spell: Magic Dart
   878 | D:1      | Reached XP level 3. HP: 28/28 MP: 3/6
  1200 | D:2      | Found a stormy altar of Qazlal.
  1210 | D:2      | Noticed Terence
  1220 | D:2      | Killed from afar by Terence

Skill      XL: |  1 |
---------------+----+-----
Stealth        | 4 |  4.9
Maces & Flails | |  0.4
Spellcasting   | |  2.6
Translocations | |  1.0
Fire Magic     | |  3.0
Ice Magic      | |  1.1
Poison Magic   | |  1.3

Action                   || total
-------------------------++-------
Melee: Club              ||    17
 Cast: Freeze            ||    14
       Magic Dart        ||    13
 Abil: Spit Poison       ||    27
 Stab: Sleeping          ||     1
  Eat: Chunk             ||     3
Armor: Robe              ||     4
Dodge: Dodged            ||    15
